cohdb
Replays
Latest Replays
All Replays
Popular Replays
Top Player Replays
Match Explorer
How It Works
Community
CoH3 Stats
Reddit
Sign in to upload your games and track your stats! →
Sign in with Steam
Match 40779128
Unlisted
Match 40779128
Overview
Messages
Build Orders
End
Kradschützen Motorcycle Team
Panzerpioneer Squad
250 Light Carrier
Construct Light Support Kompanie
Assault Grenadier Squad
Assault Grenadier Squad
Fire Support Elements
250 Light Carrier
Panzerjäger Mechanized Group
Selects Italian Combined Arms Battlegroup
Selects Semovente da 75/18 Assault Gun
Semovente da 75/18 Assault Gun
Selects Bersaglieri Squad
Selects Vehicle Support - Secure Location
Gravey
53np41
spongebob
Stabvil
我是神里凌华的狗
[블루]Phantom
evnwld
ChefofDeath
0
0
Comments
sign in to comment!
No comments posted yet!